 Dungeon Crawl Stone Soup version 0.31-a0-152-g6aa68a64a1 (webtiles) character file.

Game seed: 2219671576965536728

283043 qw the Peltast (level 20, -4/136 HPs)
             Began as a Gargoyle Fighter on June 10, 2023.
             Was an Elder of Okawaru.
             Killed from afar by a hellephant (32 damage)
             ... with a blast of flame
             ... on level 2 of the Abyss.
             The game lasted 00:25:38 (39840 turns).

qw the Peltast (Gargoyle Fighter)                  Turns: 39840, Time: 00:25:39

Health: -4/136     AC: 53    Str: 32    XL:     20   Next: 95%
Magic:  36/36      EV: 17    Int: 14    God:    Okawaru [****..]
Gold:   1007       SH: 27    Dex:  9    Spells: 19/19 levels left

rFire   + . .        A - +0 broad axe of Okawaru's Fury {drain, Drain rPois MP+9}
rCold   + . .        O - +0 tower shield
rNeg    + . .        i - +7 plate armour "Vainnuid" {rElec}
rPois   inf          E - +1 hat of Defiance {rF+}
rElec   +            J - +0 cloak "Owuq" {rElec Str+3}
rCorr   +            K - +2 pair of gloves {Stlth+}
SInv    +            v - +2 pair of boots
Will    +....        t - amulet of reflection Stlth
                     s - ring of Incredulity {rF- rCorr Str+4 Int+3 SInv}
HPRegen 0.42/turn    h - +5 ring of evasion
MPRegen 0.25/turn

%: reflection
@: about to teleport, resistant, heroic, flying
A: sickness immunity, AC +15, big wings, negative energy resistance 1,
electricity resistance, torment resistance 1, petrification resistance, hooves
1, horns 1, weak 1
}: 1/15 runes: serpentine
a: Renounce Religion, Heroism, Finesse


You were on level 2 of the Abyss.
You worshipped Okawaru.
Okawaru was greatly pleased with you.
You visited 7 branches of the dungeon, and saw 33 of its levels.
You visited the Abyss 1 time.
You visited 1 bazaar.

You collected 3612 gold pieces.
You spent 2605 gold pieces at shops.


Innate Abilities, Weirdness & Mutations

You are immune to sickness and miasma.
Your stone body is resilient. (AC +15)
You are immune to poison.
Your large and strong wings let you fly.
You resist negative energy. (rN+)
You are resistant to electric shocks. (rElec)
You are resistant to unholy torment.
You are immune to petrification.
You have large cloven feet.
You have a pair of small horns on your head.
You are weak. (Str -2)


   Skills:
 + Level 18.0(23.0) Fighting
 - Level 18.0(23.0) Axes
 - Level 10.0(15.0) Throwing
 - Level 17.0(22.0) Armour
 - Level 5.1(10.1) Dodging
 - Level 20.0(25.0) Shields
 - Level 10.0 Invocations


You had 19 spell levels left.
You didn't know any spells.
Your spell library was empty.

Inventory:

Hand Weapons
 z - a +0 broad axe of flaming
 A - the +0 broad axe of Okawaru's Fury (weapon) {drain, Drain rPois MP+9}
   (Okawaru gifted it to you on level 2 of the Lair of Beasts)

   rPois:     It protects you from poison.
   MP:        It affects your magic capacity (+9).
   Drain:     It drains your maximum health when unequipped.
Missiles
 o - 12 silver boomerangs
 w - 21 boomerangs
 B - 8 boomerangs of dispersal
 C - 2 javelins
 G - 16 silver javelins
Armour
 b - +0 gold dragon scales
 i - the +7 plate armour "Vainnuid" (worn) {rElec}
   (You found it on level 4 of the Dungeon)

   rElec:     It insulates you from electricity.
 m - +0 acid dragon scales
 v - a +2 pair of boots (worn)
 E - the +1 hat of Defiance (worn) {rF+}
   (You acquired it on level 5 of the Lair of Beasts)

   rF:        It protects you from fire.
 J - the +0 cloak "Owuq" (worn) {rElec Str+3}
   (Okawaru gifted it to you on level 11 of the Dungeon)

   Str:       It affects your strength (+3).
   rElec:     It insulates you from electricity.
 K - a +2 pair of gloves of stealth (worn)
 O - a +0 tower shield (worn)
Jewellery
 c - a ring of protection from fire
 h - a +5 ring of evasion (right hand)
 q - the ring "Essaofu" {rN+ Int+4 SInv}
   (You bought it in a shop on level 4 of the Snake Pit)

   [ring of see invisible]

   Int:       It affects your intelligence (+4).
   rN:        It protects you from negative energy.
   SInv:      It lets you see invisible.
 r - the ring "Heuwom" {Contam rPois rF- rC+++ Int+6}
   (You bought it in a shop on level 1 of the Orcish Mines)

   [ring of intelligence]

   Int:       It affects your intelligence (+6).
   rF:        It makes you vulnerable to fire.
   rC:        It renders you almost immune to cold.
   rPois:     It protects you from poison.
   Contam:    It causes magical contamination when unequipped.
 s - the ring of Incredulity (left hand) {rF- rCorr Str+4 Int+3 SInv}
   (You found it on level 1 of the Shoals)

   [ring of resist corrosion]

   Str:       It affects your strength (+4).
   Int:       It affects your intelligence (+3).
   rF:        It makes you vulnerable to fire.
   SInv:      It lets you see invisible.
   rCorr:     It protects you from acid and corrosion.
 t - an amulet of reflection (around neck)
 x - a ring of protection from cold
 F - a ring of protection from fire
 L - the ring "Gedwomif" {rCorr Int+5}
   (You bought it in a shop on level 13 of the Dungeon)

   [ring of resist corrosion]

   Int:       It affects your intelligence (+5).
   rCorr:     It protects you from acid and corrosion.
 N - a ring of protection from cold
 Y - a +4 ring of protection
Wands
 u - a wand of digging (17)
Scrolls
 a - 25 scrolls of identify
 g - 8 scrolls of teleportation
 y - 4 scrolls of enchant weapon
 H - 2 scrolls of brand weapon
Potions
 d - 5 potions of might
 e - 6 potions of lignification
 f - 3 potions of magic
 j - 4 potions of mutation
 l - 6 potions of curing
 n - 5 potions of attraction
 p - 3 potions of resistance
 I - 8 potions of haste
 M - 2 potions of cancellation

Dungeon Overview and Level Annotations

Branches:
Dungeon (15/15)            Temple (1/1) D:7            Lair (5/5) D:9
 Shoals (3/4) Lair:3        Snake (4/4) Lair:2        Slime (0/5) Lair:4
    Orc (2/2) D:9             Elf (0/3) Orc:2        Vaults (3/5) D:13
  Crypt (0/3) Vaults:3     Depths (0/4) D:15

Altars:
Ashenzari
Cheibriados
Dithmenos
Elyvilon
Fedhas
Gozag
Hepliaklqana
Kikubaaqudgha
Makhleb
Nemelex Xobeh
Okawaru
Qazlal
Ru
Sif Muna
Trog
Uskayaw
Vehumet
Wu Jian
Xom
Yredelemnul
Zin
The Shining One
Jiyva

Shops:
D:5 :   D:8 (   D:13 *   Orc:1 *   Orc:2 :*:([   Snake:1 ?=   Snake:4 **([*
Vaults:1 [

Annotations:
Lair:5 exclusion: oklob plant
Vaults:3 3 runed translucent doors, qw's ghost, adept MiHu


Message History

You slash the flying skull! The hellephant breathes flames at you.
The blast of flame hits you!! You resist. You block the flying skull's attack.
39833 ||| READING 9 scrolls of teleportation.
As you read the scroll of teleportation, it crumbles to dust.
You feel strangely unstable.
You feel the power of the Abyss delaying your translocation!
The flying skull closely misses you.
A chaos spawn comes into view.
You block the flying skull's attack. The hellephant completely misses you.
The hellephant barely misses you. The hellephant closely misses you.
The chaos spawn's lion head roars!
You cut the hellephant into ribbons!!! Your headbutt misses the hellephant.
The hellephant is heavily wounded.
You slash the flying skull! You slice the flying skull!!
You destroy the flying skull!
Okawaru accepts your kill.
The flying skull hits you but does no damage.
You completely miss the hellephant.
You headbutt the hellephant, but do no damage.
The hellephant is heavily wounded.
You slash the flying skull! You block the flying skull's attack.
You block the hellephant's attack.
The hellephant bites you but does no damage.
You block the hellephant's attack.
You slice the flying skull!!
You destroy the flying skull!
Okawaru accepts your kill.
You barely miss the hellephant. You block the hellephant's attack.
The hellephant misses you.
The hellephant gores you but does no damage.
You slice the hellephant!! You headbutt the hellephant!
The hellephant is severely wounded.
You hit the hellephant. Your headbutt misses the hellephant.
The hellephant is severely wounded.
The hellephant blinks!
39839 ||| Stepping ~*~*~tactically~*~*~ (hiding).
The hellephant breathes flames at you. The blast of flame hits you!!
You resist.
You die...

.. ...#..# ... ..
...#.#..#. . #
.####.#.. ..## .# .
...........#.##.##.. .
....#....##..#.#..# #
. ..'#....#.......##
......'.......#..#...#
.. ..#...Y.#.........
.###. #.....@..##..#.#
#...##..ยค# . .
............#
.........4#.....#
#...........#.#.# #.
#..##.#.#..### .. #
..# .......# . #..
....##..#


You could see a hellephant (catching breath) and a chaos spawn.

Vanquished Creatures
  A dread lich (Vaults:2)
  Mennas (Vaults:2)
  Saint Roka (Vaults:3)
  2 quicksilver dragons (Snake:4)
  2 titans
  A sphinx (Vaults:2)
  3 tengu reavers
  A shadow dragon (Vaults:3)
  5 nagarajas
  A frost giant (Vaults:2)
  A fire giant (Vaults:2)
  An iron dragon (Vaults:2)
  16 vault wardens
  A deep elf sorcerer (Vaults:2)
  A ghost moth (Vaults:2)
  4 formless jellyfish
  3 orc warlords
  A very ugly thing (Vaults:2)
  2 stone giants
  24 ironbound preservers
  2 elemental wellsprings (Shoals:1)
  6 ironbound thunderhulks
  A deep elf annihilator (Vaults:3)
  4 dire elephants (Vaults:3)
  4 merfolk impalers
  An ettin (Vaults:3)
  2 entropy weavers
  3 great orbs of eyes
  A deep elf high priest (Vaults:2)
  9 vault guards
  10 yaktaur captains
  3 catoblepae
  4 salamander tyrants
  A peacekeeper (Vaults:2)
  7 ironbound frosthearts
  A merfolk avatar (Shoals:1)
  5 anacondas
  8 two-headed ogres
  13 hydras
  6 centaur warriors
  3 boulder beetles
  11 naga warriors
  13 death yaks
  A satyr (Shoals:3)
  A death knight (D:15)
  4 tengu warriors
  2 orc high priests (Orc:2)
  3 naga sharpshooters
  Urug (Lair:5)
  11 shock serpents
  6 sun demons (Shoals:2)
  A skyshark (shapeshifter) (Vaults:1)
  A sun moth (Shoals:2)
  5 salamander mystics
  5 skysharks
  A large abomination (Abyss:2)
  22 sea snakes
  A glowing orange brain (Vaults:3)
  5 naga ritualists
  50 deep trolls
  12 ironbound convokers
  2 wizards
  Pikel (D:6)
  4 lindwurms
  10 orc knights
  A phantasmal warrior (D:15)
  18 harpies
  A necromancer (Vaults:3)
  4 ugly things
  11 mana vipers
  4 deep elf pyromancers
  6 fauns
  A harpy (shapeshifter) (Vaults:2)
  5 orc sorcerers
  9 manticores
  2 oklob plants (Lair:4)
  2 cyclopes
  25 salamanders
  5 merfolk sirens
  7 elephants
  9 water nymphs
  8 guardian serpents
  33 black mambas
  11 naga magi
  16 vault sentinels
  12 cane toads
  2 rime drakes
  2 unseen horrors
  2 gargoyles (D:9)
  24 yaktaurs
  A freezing wraith (D:15)
  An efreet (D:14)
  11 komodo dragons
  A tengu conjurer (D:14)
  8 trolls
  A raiju (shapeshifter) (D:13)
  10 polar bears
  16 merfolk
  A wind drake (Lair:3)
  2 hornets
  16 blink frogs
  3 raiju (Lair:5)
  2 dream sheep (Shoals:3)
  4 snapping turtles
  A dream sheep (shapeshifter) (Vaults:2)
  21 slime creatures
  A vampire (D:11)
  2 flying skulls (Abyss:2)
  4 wraiths
  A centaur simulacrum (D:13)
  5 wyverns
  A shadow (D:11)
  46 yaks
  2 water elementals
  6 basilisks
  2 steam dragons
  A human (shapeshifter) (D:14)
  7 wargs
  5 vampire mosquitoes (D:12)
  2 redbacks (Vaults:2)
  An acid dragon (D:12)
  42 nagas
  Duvessa (D:4)
  31 orc warriors
  14 hell hounds (Lair:5)
  17 water moccasins
  13 black bears
  2 ice beasts
  A sky beast (D:7)
  7 ogres
  20 wolves
  9 centaurs
  3 lemures (D:6)
  3 phantoms
  A kobold brigand (D:9)
  14 bullfrogs
  2 scorpions
  15 wights
  Dowan (D:4)
  14 killer bees
  7 howler monkeys
  7 electric eels
  A jelly (D:6)
  14 orc priests
  3 hounds
  12 iguanas
  Natasha (D:2)
  18 orc wizards
  5 adders
  3 shadow imps
  2 white imps
  4 ufetubi
  3 worms
  3 dart slugs
  55 orcs
  4 endoplasms
  3 giant cockroaches
  2 goblins
  9 hobgoblins
  8 kobolds
  3 quokkas
  6 ball pythons
  4 bats
  9 rats
1140 creatures vanquished.

Vanquished Creatures (others)
  An apocalypse crab (Abyss:2)
  A naga (Snake:2)
  A kobold (D:9)
3 creatures vanquished.

Grand Total: 1143 creatures vanquished

Notes
Turn   | Place    | Note
-------+----------+-------------------------------------------
     0 | D:1      | qw the Gargoyle Fighter began the quest for the Orb.
     0 | D:1      | Reached XP level 1. HP: 14/14 MP: 1/1
     0 | D:1      | 0 ||| qw: Version: 0.2-a-29-gd901d54
     0 | D:1      | 0 ||| qw: Game counter: 3979
     0 | D:1      | 0 ||| qw: Always use a shield: true
     0 | D:1      | 0 ||| qw: God list: Okawaru
     0 | D:1      | 0 ||| qw: Allow faded altars: false
     0 | D:1      | 0 ||| qw: Do Orc after D:15 true
     0 | D:1      | 0 ||| qw: Do second Lair branch before Depths: true
     0 | D:1      | 0 ||| qw: Lair rune preference: random
     0 | D:1      | 0 ||| qw: Plans: Normal, Zot:1-4, Slime:5, God:TSO, Crypt,
                  | Tomb, Abyss, Pan, Hells, Win
     0 | D:1      | 0 ||| PLANNING D:1-11
    43 | D:1      | Found a faded altar of an unknown god.
   143 | D:1      | Reached XP level 2. HP: 19/19 MP: 2/2
   532 | D:1      | 532 ||| READING 2 scrolls labelled WUSADO XIMUS.
   533 | D:1      | 533 ||| READING 2 scrolls labelled SECAIPHEPP.
   538 | D:1      | 538 ||| READING scroll labelled ZAUGIBB LUTI.
   556 | D:2      | 556 ||| STAIRDANCE
   559 | D:1      | Reached skill level 3 in Axes
   569 | D:2      | Reached XP level 3. HP: 23/23 MP: 3/3
   884 | D:2      | Noticed Natasha
   891 | D:2      | Killed Natasha
   892 | D:2      | Reached XP level 4. HP: 14/28 MP: 4/4
  1018 | D:2      | 1018 ||| Stepping ~*~*~tactically~*~*~ (hiding).
  1157 | D:2      | 1157 ||| UPGRADING to amulet of regeneration.
  1162 | D:2      | 1162 ||| READING scroll labelled DILEWI UPOLIH.
  1163 | D:2      | 1163 ||| READING scroll labelled IMOVYEVIL.
  1164 | D:2      | 1164 ||| READING 2 scrolls labelled ZIGIOSE UTZING.
  1165 | D:2      | 1165 ||| READING scroll of enchant weapon.
  1165 | D:2      | 1165 ||| ENCHANTING +1 war axe of venom.
  1166 | D:2      | 1166 ||| READING scroll labelled LEGHO XAXUPIL.
  1167 | D:2      | 1167 ||| READING 3 scrolls of identify.
  1167 | D:2      | 1167 ||| IDENTIFYING grey potion
  1168 | D:2      | 1168 ||| READING 2 scrolls of identify.
  1168 | D:2      | 1168 ||| IDENTIFYING green potion
  1169 | D:2      | 1169 ||| DROPPING potion of degeneration.
  1212 | D:3      | 1212 ||| Stepping ~*~*~tactically~*~*~ (stealth).
  1289 | D:3      | 1289 ||| Stepping ~*~*~tactically~*~*~ (stealth).
  1448 | D:3      | Found a glowing golden altar of the Shining One.
  1449 | D:3      | 1449 ||| Stepping ~*~*~tactically~*~*~ (hiding).
  1723 | D:3      | 1723 ||| Stepping ~*~*~tactically~*~*~ (hiding).
  2091 | D:3      | 2091 ||| UPGRADING to +0 cloak.
  2096 | D:3      | 2096 ||| UPGRADING to +0 plate armour.
  2106 | D:3      | 2106 ||| DROPPING +0 scale mail.
  2107 | D:3      | 2107 ||| READING scroll labelled KINUTWU KALU.
  2108 | D:3      | 2108 ||| READING scroll labelled DAFU SIUGG.
  2109 | D:3      | 2109 ||| DRINKING 3 fuming brown potions.
  2109 | D:3      | Gained mutation: You are agile. (Dex +4, Str/Int -1)
                  | [potion of mutation]
  2109 | D:3      | Gained mutation: You are occasionally teleported next to
                  | monsters. [potion of mutation]
  2109 | D:3      | Gained mutation: You are very agile. (Dex +8, Str/Int -2)
                  | [potion of mutation]
  2110 | D:3      | 2110 ||| DRINKING 2 potions of mutation.
  2110 | D:3      | Lost mutation: You are occasionally teleported next to
                  | monsters. [potion of mutation]
  2110 | D:3      | Lost mutation: You are very agile. (Dex +8, Str/Int -2)
                  | [potion of mutation]
  2110 | D:3      | Lost mutation: You are agile. (Dex +4, Str/Int -1) [potion
                  | of mutation]
  2110 | D:3      | Gained mutation: You have large cloven feet. [potion of
                  | mutation]
  2110 | D:3      | Gained mutation: You have a pair of small horns on your
                  | head. [potion of mutation]
  2110 | D:3      | Gained mutation: Your large and strong wings let you fly.
                  | [potion of mutation]
  2152 | D:4      | Reached XP level 5. HP: 29/32 MP: 5/5
  2199 | D:4      | Noticed an ogre
  2200 | D:4      | 2200 ||| Stepping ~*~*~tactically~*~*~ (stealth).
  2201 | D:4      | 2201 ||| Stepping ~*~*~tactically~*~*~ (stealth).
  2215 | D:4      | Killed an ogre
  2261 | D:4      | Noticed a phantom
  2271 | D:4      | Killed a phantom
  2272 | D:4      | Reached XP level 6. HP: 39/39 MP: 6/6
  2273 | D:4      | 2273 ||| DRINKING 2 potions of curing.
  2273 | D:4      | 2273 ||| (to cure confusion)
  2283 | D:4      | 2283 ||| DROPPING +0 whip.
  2291 | D:4      | Identified the +2 spear "Rokokhorph" {spect, Int+3}
  2428 | D:4      | Identified the +7 plate armour "Vainnuid" {rElec}
  2535 | D:4      | Noticed Duvessa
  2535 | D:4      | Noticed Dowan
  2536 | D:4      | 2536 ||| Stepping ~*~*~tactically~*~*~ (hiding).
  2551 | D:4      | Killed Duvessa
  2552 | D:4      | Reached skill level 6 in Axes
  2552 | D:4      | Reached XP level 7. HP: 27/44 MP: 7/7
  2566 | D:4      | Killed Dowan
  2724 | D:4      | 2724 ||| READING scroll of enchant armour.
  2724 | D:4      | 2724 ||| ENCHANTING +0 cloak.
  2956 | D:4      | 2956 ||| UPGRADING to +0 pair of gloves.
  2961 | D:4      | 2961 ||| UPGRADING to +7 plate armour "Vainnuid" {rElec}.
  2971 | D:4      | 2971 ||| DROPPING +0 plate armour.
  2972 | D:4      | 2972 ||| READING 3 scrolls of identify.
  2972 | D:4      | 2972 ||| IDENTIFYING bubbling puce potion
  2973 | D:4      | 2973 ||| READING 2 scrolls of identify.
  2973 | D:4      | 2973 ||| IDENTIFYING fuming sapphire potion
  3008 | D:5      | Entered Level 5 of the Dungeon
  3146 | D:5      | 3146 ||| Stepping ~*~*~tactically~*~*~ (stealth).
  3197 | D:5      | Found the +8 trident of the Octopus King {venom, rElec
                  | rPois}
  3594 | D:5      | Found Diosmab's Vocational Training.
  3758 | D:5      | 3758 ||| UPGRADING to ring of protection from cold.
  3759 | D:5      | 3759 ||| READING scroll labelled RUGOFA FITRA.
  3760 | D:5      | 3760 ||| READING 2 scrolls of identify.
  3760 | D:5      | 3760 ||| IDENTIFYING yellow potion
  3804 | D:6      | 3804 ||| STAIRDANCE
  3807 | D:5      | Reached XP level 8. HP: 39/49 MP: 8/8
  3819 | D:5      | 3819 ||| DROPPING +0 flail.
  3829 | D:6      | Reached skill level 1 in Dodging
  3871 | D:6      | 3871 ||| Stepping ~*~*~tactically~*~*~ (hiding).
  3899 | D:6      | 3899 ||| Stepping ~*~*~tactically~*~*~ (stealth).
  3900 | D:6      | 3900 ||| Stepping ~*~*~tactically~*~*~ (stealth).
  3901 | D:6      | 3901 ||| Stepping ~*~*~tactically~*~*~ (stealth).
  3925 | D:6      | Noticed Pikel
  3934 | D:6      | Killed Pikel
  3935 | D:6      | Reached XP level 9. HP: 53/54 MP: 9/9
  3977 | D:6      | 3977 ||| Stepping ~*~*~tactically~*~*~ (stealth).
  3990 | D:6      | Reached skill level 6 in Fighting
  4240 | D:6      | 4240 ||| READING 3 scrolls of identify.
  4240 | D:6      | 4240 ||| IDENTIFYING sapphire potion
  4241 | D:6      | 4241 ||| READING 2 scrolls of identify.
  4241 | D:6      | 4241 ||| IDENTIFYING silvery potion
  4297 | D:7      | 4297 ||| DRINKING 3 potions of curing.
  4297 | D:7      | 4297 ||| (to cure confusion)
  4307 | D:7      | Reached skill level 9 in Axes
  4340 | D:7      | Reached skill level 4 in Shields
  4382 | D:7      | Found a staircase to the Ecumenical Temple.
  4383 | D:7      | 4383 ||| PLANNING TEMPLE
  4383 | D:7      | 4383 ||| UPGRADING to amulet of reflection.
  4393 | D:7      | 4393 ||| DROPPING amulet of regeneration.
  4394 | D:7      | 4394 ||| DRINKING 2 bubbling black potions.
  4395 | D:7      | 4395 ||| DROPPING potion of enlightenment.
  4405 | Temple   | Entered the Ecumenical Temple
  4531 | Temple   | 4531 ||| PLANNING OKAWARU WORSHIP
  4672 | Temple   | Became a worshipper of Warmaster Okawaru
  4672 | Temple   | 4672 ||| PLANNING D:1-11
  5039 | D:7      | 5039 ||| READING scroll labelled EHEANI KAOLI.
  5040 | D:7      | 5040 ||| READING scroll labelled WINOKI QAPP.
  5040 | D:7      | Identified a scroll of acquirement
  5040 | D:7      | 5040 ||| ACQUIRING +4 ring of protection
  5040 | D:7      | Acquired a +4 ring of protection
  5042 | D:7      | 5042 ||| UPGRADING to +4 ring of protection.
  5069 | D:8      | Reached * piety under Okawaru
  5189 | D:8      | 5189 ||| Stepping ~*~*~tactically~*~*~ (hiding).
  5191 | D:8      | 5191 ||| Stepping ~*~*~tactically~*~*~ (stealth).
  5194 | D:8      | 5194 ||| INVOKING Heroism.
  5205 | D:8      | Reached XP level 10. HP: 52/63 MP: 8/10
  5446 | D:8      | Reached skill level 1 in Invocations
  5453 | D:8      | 5453 ||| Stepping ~*~*~tactically~*~*~ (stealth).
  5454 | D:8      | 5454 ||| Stepping ~*~*~tactically~*~*~ (stealth).
  5495 | D:8      | Found Xurghes's Weapon Emporium.
  5529 | D:8      | 5529 ||| SWAPPING to +2 war axe of draining.
  5691 | D:8      | Reached skill level 3 in Invocations
  6015 | D:8      | 6015 ||| READING scroll labelled KESOCU BEPROAF.
  6177 | D:9      | 6177 ||| Stepping ~*~*~tactically~*~*~ (hiding).
  6178 | D:9      | 6178 ||| Stepping ~*~*~tactically~*~*~ (hiding).
  6216 | D:9      | Found a staircase to the Orcish Mines.
  6225 | D:9      | 6225 ||| Stepping ~*~*~tactically~*~*~ (stealth).
  6231 | D:9      | Identified the +8 hand axe "Febluaw" {speed, rPois rC-
                  | Will+ Str+8}
  6246 | D:9      | 6246 ||| Stepping ~*~*~tactically~*~*~ (stealth).
  6256 | D:9      | 6256 ||| SWAPPING to +8 hand axe "Febluaw" {speed, rPois
                  | rC- Will+ Str+8}.
  6311 | D:9      | Reached ** piety under Okawaru
  6312 | D:9      | Reached skill level 5 in Shields
  6452 | D:9      | 6452 ||| Stepping ~*~*~tactically~*~*~ (hiding).
  6504 | D:9      | Noticed a gargoyle
  6505 | D:9      | 6505 ||| Stepping ~*~*~tactically~*~*~ (stealth).
  6507 | D:9      | 6507 ||| Stepping ~*~*~tactically~*~*~ (hiding).
  6521 | D:9      | Killed a gargoyle
  6566 | D:9      | 6566 ||| Stepping ~*~*~tactically~*~*~ (hiding).
  6569 | D:9      | 6569 ||| Stepping ~*~*~tactically~*~*~ (hiding).
  6573 | D:9      | 6573 ||| INVOKING Heroism.
  6669 | D:9      | Noticed a tengu warrior
  6684 | D:9      | Killed a tengu warrior
  6744 | D:9      | Noticed a gargoyle
  6750 | D:9      | 6750 ||| INVOKING Heroism.
  6753 | D:9      | Killed a gargoyle
  6881 | D:9      | 6881 ||| Stepping ~*~*~tactically~*~*~ (stealth).
  6883 | D:9      | 6883 ||| Stepping ~*~*~tactically~*~*~ (stealth).
  6889 | D:9      | Reached XP level 11. HP: 69/69 MP: 14/14
  6899 | D:9      | Reached *** piety under Okawaru
  6900 | D:9      | Reached skill level 9 in Fighting
  6966 | D:9      | Found a staircase to the Lair.
  6967 | D:9      | 6967 ||| INVOKING Heroism.
  7475 | D:9      | 7475 ||| PLANNING LAIR
  7475 | D:9      | 7475 ||| READING 2 scrolls of identify.
  7475 | D:9      | 7475 ||| IDENTIFYING blue potion
  7476 | D:9      | 7476 ||| DROPPING potion of ambrosia.
  7514 | Lair:1   | Entered Level 1 of the Lair of Beasts
  7567 | Lair:1   | 7567 ||| INVOKING Heroism.
  7575 | Lair:1   | Reached skill level 1 in Throwing
  7615 | Lair:1   | 7615 ||| Stepping ~*~*~tactically~*~*~ (stealth).
  7617 | Lair:1   | 7617 ||| INVOKING Heroism.
  7691 | Lair:1   | 7691 ||| INVOKING Heroism.
  7782 | Lair:1   | 7782 ||| Stepping ~*~*~tactically~*~*~ (stealth).
  7793 | Lair:1   | Found a burning altar of Makhleb.
  7903 | Lair:1   | 7903 ||| INVOKING Heroism.
  7994 | Lair:1   | Reached skill level 12 in Axes
  8087 | Lair:1   | 8087 ||| INVOKING Heroism.
  8094 | Lair:1   | Reached skill level 6 in Shields
  8305 | Lair:2   | 8305 ||| INVOKING Heroism.
  8359 | Lair:2   | Identified the staff of air "Hixef" {rElec rN+ Dex+3}
  8365 | Lair:2   | 8365 ||| INVOKING Heroism.
  8373 | Lair:2   | 8373 ||| Stepping ~*~*~tactically~*~*~ (stealth).
  8392 | Lair:2   | Noticed a death yak
  8392 | Lair:2   | Noticed a death yak
  8392 | Lair:2   | Noticed a death yak
  8393 | Lair:2   | Noticed a death yak
  8394 | Lair:2   | Noticed a death yak
  8395 | Lair:2   | Noticed a death yak
  8397 | Lair:2   | 8397 ||| INVOKING Heroism.
  8409 | Lair:2   | Killed a death yak
  8410 | Lair:2   | Killed a death yak
  8410 | Lair:2   | Reached **** piety under Okawaru
  8424 | Lair:2   | Killed a death yak
  8427 | Lair:2   | Killed a death yak
  8428 | Lair:2   | Reached XP level 12. HP: 42/77 MP: 13/15
  8429 | Lair:2   | Killed a death yak
  8429 | Lair:2   | Reached ***** piety under Okawaru
  8430 | Lair:2   | 8430 ||| INVOKING Finesse.
  8434 | Lair:2   | Killed a death yak
  8435 | Lair:2   | Reached skill level 9 in Armour
  8441 | Lair:2   | Reached skill level 6 in Invocations
  8628 | Lair:2   | Noticed a skyshark
  8638 | Lair:2   | Killed a skyshark
  8655 | Lair:2   | Found a frozen archway.
  8687 | Lair:2   | 8687 ||| Stepping ~*~*~tactically~*~*~ (stealth).
  8688 | Lair:2   | 8688 ||| INVOKING Heroism.
  8804 | Lair:2   | 8804 ||| INVOKING Heroism.
  8862 | Lair:2   | Found a staircase to the Snake Pit.
  8863 | Lair:2   | Noticed an eight-headed hydra
  8864 | Lair:2   | 8864 ||| INVOKING Heroism.
  8868 | Lair:2   | Received a gift from Okawaru
  8870 | Lair:2   | 8870 ||| SWAPPING to +4 morningstar.
  8872 | Lair:2   | Killed an eight-headed hydra
  8873 | Lair:2   | 8873 ||| SWAPPING to +8 hand axe "Febluaw" {speed, rPois
                  | rC- Will+ Str+8}.
  8883 | Lair:2   | Identified the +0 broad axe of Okawaru's Fury {drain, Drain
                  | rPois MP+9} (Okawaru gifted it to you on level 2 of the
                  | Lair of Beasts)
  8883 | Lair:2   | Received a gift from Okawaru
  8945 | Lair:2   | 8945 ||| SWAPPING to +0 broad axe of Okawaru's Fury {drain,
                  | Drain rPois MP+9}.
  9051 | Lair:2   | Noticed a skyshark
  9063 | Lair:2   | Killed a skyshark
  9352 | Lair:2   | 9352 ||| READING scroll labelled LOUNKOEDWU.
  9353 | Lair:2   | 9353 ||| READING scroll labelled MUDUXUOBRE.
  9694 | Lair:3   | Found a staircase to the Shoals.
  9695 | Lair:3   | 9695 ||| INVOKING Heroism.
  9903 | Lair:3   | Reached skill level 9 in Invocations
  9925 | Lair:3   | 9925 ||| INVOKING Heroism.
  9942 | Lair:3   | 9942 ||| INVOKING Heroism.
  9982 | Lair:3   | 9982 ||| INVOKING Heroism.
  9983 | Lair:3   | Noticed a death yak
  9984 | Lair:3   | 9984 ||| INVOKING Finesse.
  9987 | Lair:3   | Noticed a death yak
  9989 | Lair:3   | Noticed a death yak
  9995 | Lair:3   | Killed a death yak
  9996 | Lair:3   | Reached XP level 13. HP: 70/83 MP: 20/20
 10006 | Lair:3   | Reached skill level 3 in Throwing
 10101 | Lair:3   | 10101 ||| Stepping ~*~*~tactically~*~*~ (stealth).
 10103 | Lair:3   | 10103 ||| Stepping ~*~*~tactically~*~*~ (stealth).
 10106 | Lair:3   | 10106 ||| INVOKING Heroism.
 10123 | Lair:3   | 10123 ||| INVOKING Heroism.
 10178 | Lair:3   | 10178 ||| INVOKING Finesse.
 10183 | Lair:3   | 10183 ||| SWAPPING to +4 morningstar.
 10184 | Lair:3   | 10184 ||| INVOKING Heroism.
 10190 | Lair:3   | 10190 ||| SWAPPING to +0 broad axe of Okawaru's Fury
                  | {drain, Drain rPois MP+9}.
 10197 | Lair:3   | Received a gift from Okawaru
 10885 | Lair:3   | 10885 ||| UPGRADING to +0 pair of boots.
 10890 | Lair:3   | 10890 ||| DROPPING ring of wizardry.
 10891 | Lair:3   | 10891 ||| READING scroll labelled FICEOL AD YHA.
 10892 | Lair:3   | 10892 ||| READING 3 scrolls of identify.
 10892 | Lair:3   | 10892 ||| IDENTIFYING bubbling pink potion
 10893 | Lair:3   | 10893 ||| DROPPING potion of invisibility.
 10915 | Lair:4   | 10915 ||| Stepping ~*~*~tactically~*~*~ (stealth).
 10918 | Lair:4   | 10918 ||| Stepping ~*~*~tactically~*~*~ (stealth).
 10928 | Lair:4   | 10928 ||| INVOKING Heroism.
 10933 | Lair:4   | 10933 ||| Stepping ~*~*~tactically~*~*~ (stealth).
 11019 | Lair:4   | 11019 ||| Stepping ~*~*~tactically~*~*~ (stealth).
 11022 | Lair:4   | 11022 ||| Stepping ~*~*~tactically~*~*~ (stealth).
 11023 | Lair:4   | 11023 ||| INVOKING Heroism.
 11025 | Lair:4   | 11025 ||| SWAPPING to +4 morningstar.
 11031 | Lair:4   | 11031 ||| SWAPPING to +0 broad axe of Okawaru's Fury
                  | {drain, Drain rPois MP+9}.
 11259 | Lair:4   | 11259 ||| INVOKING Heroism.
 11337 | Lair:4   | Found a viscous altar of Jiyva.
 11338 | Lair:4   | 11338 ||| INVOKING Heroism.
 11340 | Lair:4   | Found a staircase to the Slime Pits.
 11353 | Lair:4   | 11353 ||| DRINKING potion of cancellation.
 11354 | Lair:4   | 11354 ||| INVOKING Finesse.
 11356 | Lair:4   | HP: 15/75 [oklob plant/splash of acid (16)]
 11357 | Lair:4   | 11357 ||| READING 4 scrolls of teleportation.
 11358 | Lair:4   | 11358 ||| DRINKING 7 potions of heal wounds.
 11361 | Lair:4   | HP: 7/75 [oklob plant/splash of acid (12)]
 11362 | Lair:4   | 11362 ||| DRINKING 6 potions of heal wounds.
 11363 | Lair:4   | 11363 ||| READING 3 scrolls of teleportation.
 11364 | Lair:4   | 11364 ||| INVOKING Heroism.
 11868 | Lair:4   | 11868 ||| INVOKING Heroism.
 11869 | Lair:4   | 11869 ||| SWAPPING to +4 morningstar.
 11876 | Lair:4   | 11876 ||| SWAPPING to +0 broad axe of Okawaru's Fury
                  | {drain, Drain rPois MP+9}.
 12029 | Lair:4   | 12029 ||| INVOKING Heroism.
 12361 | Lair:5   | Entered Level 5 of the Lair of Beasts
 12363 | Lair:5   | Noticed Urug
 12364 | Lair:5   | 12364 ||| INVOKING Heroism.
 12375 | Lair:5   | Killed Urug
 12376 | Lair:5   | Reached skill level 7 in Shields
 12490 | Lair:5   | 12490 ||| INVOKING Heroism.
 12491 | Lair:5   | 12491 ||| SWAPPING to +4 morningstar.
 12500 | Lair:5   | 12500 ||| SWAPPING to +0 broad axe of Okawaru's Fury
                  | {drain, Drain rPois MP+9}.
 12619 | Lair:5   | 12619 ||| INVOKING Heroism.
 12626 | Lair:5   | HP: 17/68 [oklob plant/splash of acid (24)]
 12627 | Lair:5   | 12627 ||| READING 2 scrolls of teleportation.
 12628 | Lair:5   | 12628 ||| DRINKING 5 potions of heal wounds.
 12679 | Lair:5   | 12679 ||| Stepping ~*~*~tactically~*~*~ (stealth).
 12687 | Lair:5   | 12687 ||| INVOKING Heroism.
 12730 | Lair:5   | 12730 ||| Stepping ~*~*~tactically~*~*~ (stealth).
 12835 | Lair:5   | 12835 ||| Stepping ~*~*~tactically~*~*~ (stealth).
 12839 | Lair:5   | 12839 ||| Stepping ~*~*~tactically~*~*~ (stealth).
 12846 | Lair:5   | 12846 ||| INVOKING Heroism.
 12851 | Lair:5   | Reached skill level 6 in Throwing
 12874 | Lair:5   | 12874 ||| Stepping ~*~*~tactically~*~*~ (stealth).
 12875 | Lair:5   | 12875 ||| Stepping ~*~*~tactically~*~*~ (stealth).
 12881 | Lair:5   | 12881 ||| Stepping ~*~*~tactically~*~*~ (stealth).
 12886 | Lair:5   | 12886 ||| INVOKING Heroism.
 12887 | Lair:5   | 12887 ||| SWAPPING to +4 morningstar.
 12894 | Lair:5   | 12894 ||| SWAPPING to +0 broad axe of Okawaru's Fury
                  | {drain, Drain rPois MP+9}.
 12900 | Lair:5   | Mutation became permanent: Your large and strong wings let
                  | you fly. [Gargoyle growth]
 12900 | Lair:5   | Gained mutation: Your large and strong wings let you fly.
                  | [Gargoyle growth]
 12900 | Lair:5   | Reached XP level 14. HP: 19/73 MP: 19/21
 12913 | Lair:5   | 12913 ||| Stepping ~*~*~tactically~*~*~ (stealth).
 13075 | Lair:5   | 13075 ||| Stepping ~*~*~tactically~*~*~ (stealth).
 13084 | Lair:5   | 13084 ||| INVOKING Heroism.
 13098 | Lair:5   | 13098 ||| Stepping ~*~*~tactically~*~*~ (stealth).
 13111 | Lair:5   | 13111 ||| SWAPPING to +4 morningstar.
 13119 | Lair:5   | Received a gift from Okawaru
 13120 | Lair:5   | 13120 ||| SWAPPING to +0 broad axe of Okawaru's Fury
                  | {drain, Drain rPois MP+9}.
 13123 | Lair:5   | 13123 ||| INVOKING Heroism.
 13233 | Lair:5   | 13233 ||| INVOKING Heroism.
 13242 | Lair:5   | 13242 ||| Stepping ~*~*~tactically~*~*~ (stealth).
 13251 | Lair:5   | 13251 ||| Stepping ~*~*~tactically~*~*~ (stealth).
 13258 | Lair:5   | 13258 ||| READING scroll of acquirement.
 13258 | Lair:5   | 13258 ||| ACQUIRING +1 hat of Defiance {rF+}
 13258 | Lair:5   | Acquired the +1 hat of Defiance {rF+}
 13262 | Lair:5   | 13262 ||| Stepping ~*~*~tactically~*~*~ (stealth).
 13268 | Lair:5   | 13268 ||| Stepping ~*~*~tactically~*~*~ (stealth).
 13329 | Lair:5   | 13329 ||| INVOKING Heroism.
 13431 | Lair:5   | 13431 ||| Stepping ~*~*~tactically~*~*~ (stealth).
 13436 | Lair:5   | Reached skill level 15 in Axes
 13443 | Lair:5   | Received a gift from Okawaru
 13465 | Lair:5   | 13465 ||| Stepping ~*~*~tactically~*~*~ (hiding).
 13487 | Lair:5   | 13487 ||| Stepping ~*~*~tactically~*~*~ (stealth).
 13506 | Lair:5   | 13506 ||| Stepping ~*~*~tactically~*~*~ (stealth).
 13669 | Lair:5   | 13669 ||| Stepping ~*~*~tactically~*~*~ (stealth).
 13671 | Lair:5   | 13671 ||| Stepping ~*~*~tactically~*~*~ (stealth).
 13673 | Lair:5   | 13673 ||| Stepping ~*~*~tactically~*~*~ (stealth).
 13687 | Lair:5   | 13687 ||| INVOKING Heroism.
 13695 | Lair:5   | 13695 ||| SWAPPING to +4 morningstar.
 13702 | Lair:5   | 13702 ||| SWAPPING to +0 broad axe of Okawaru's Fury
                  | {drain, Drain rPois MP+9}.
 13765 | Lair:5   | 13765 ||| INVOKING Heroism.
 13769 | Lair:5   | 13769 ||| SWAPPING to +4 morningstar.
 13776 | Lair:5   | 13776 ||| SWAPPING to +0 broad axe of Okawaru's Fury
                  | {drain, Drain rPois MP+9}.
 13851 | Lair:5   | Received a gift from Okawaru
 13915 | Lair:5   | 13915 ||| INVOKING Heroism.
 13931 | Lair:5   | 13931 ||| SWAPPING to +4 morningstar.
 13937 | Lair:5   | 13937 ||| INVOKING Finesse.
 13943 | Lair:5   | Reached skill level 12 in Fighting
 13943 | Lair:5   | 13943 ||| SWAPPING to +0 broad axe of Okawaru's Fury
                  | {drain, Drain rPois MP+9}.
 13955 | Lair:5   | Received a gift from Okawaru
 13995 | Lair:5   | 13995 ||| Stepping ~*~*~tactically~*~*~ (stealth).
 14001 | Lair:5   | 14001 ||| INVOKING Heroism.
 14094 | Lair:5   | 14094 ||| Stepping ~*~*~tactically~*~*~ (stealth).
 14101 | Lair:5   | 14101 ||| Stepping ~*~*~tactically~*~*~ (stealth).
 14159 | Lair:5   | 14159 ||| Stepping ~*~*~tactically~*~*~ (stealth).
 14535 | Lair:5   | 14535 ||| INVOKING Heroism.
 14756 | Lair:5   | 14756 ||| PLANNING D:1-11
 14756 | Lair:5   | 14756 ||| UPGRADING to +1 hat of Defiance {rF+}.
 14929 | D:10     | Entered Level 10 of the Dungeon
 14994 | D:10     | 14994 ||| Stepping ~*~*~tactically~*~*~ (hiding).
 15078 | D:10     | 15078 ||| Stepping ~*~*~tactically~*~*~ (stealth).
 15083 | D:10     | 15083 ||| Stepping ~*~*~tactically~*~*~ (stealth).
 15084 | D:10     | 15084 ||| Stepping ~*~*~tactically~*~*~ (stealth).
 15097 | D:10     | Received a gift from Okawaru
 15172 | D:10     | 15172 ||| Stepping ~*~*~tactically~*~*~ (stealth).
 15544 | D:10     | 15544 ||| FLEEEEING.
 15545 | D:10     | 15545 ||| FLEEEEING.
 15546 | D:10     | 15546 ||| FLEEEEING.
 15547 | D:10     | 15547 ||| FLEEEEING.
 15548 | D:10     | 15548 ||| FLEEEEING.
 15549 | D:10     | 15549 ||| FLEEEEING.
 15551 | D:10     | 15551 ||| FLEEEEING.
 15553 | D:10     | 15553 ||| FLEEEEING.
 15555 | D:10     | 15555 ||| FLEEEEING.
 15557 | D:10     | 15557 ||| FLEEEEING.
 15558 | D:10     | 15558 ||| FLEEEEING.
 15559 | D:10     | 15559 ||| FLEEEEING.
 15560 | D:10     | 15560 ||| FLEEEEING.
 15641 | D:10     | 15641 ||| Invisibility monster not found???
 15800 | D:11     | 15800 ||| INVOKING Heroism.
 16131 | D:11     | Reached skill level 8 in Shields
 16279 | D:11     | 16279 ||| Stepping ~*~*~tactically~*~*~ (stealth).
 16353 | D:11     | Found a white marble altar of Elyvilon.
 16383 | D:11     | Reached XP level 15. HP: 96/96 MP: 22/22
 16408 | D:11     | Identified the +0 cloak "Owuq" {rElec Str+3} (Okawaru
                  | gifted it to you on level 11 of the Dungeon)
 16408 | D:11     | Received a gift from Okawaru
 16524 | D:11     | 16524 ||| PLANNING D
 16524 | D:11     | 16524 ||| DROPPING +1 cloak.
 16525 | D:11     | 16525 ||| UPGRADING to +0 cloak "Owuq" {rElec Str+3}.
 16535 | D:11     | 16535 ||| DROPPING +1 cloak.
 16578 | D:12     | Reached skill level 3 in Dodging
 16647 | D:12     | 16647 ||| INVOKING Heroism.
 16658 | D:12     | 16658 ||| Stepping ~*~*~tactically~*~*~ (stealth).
 16659 | D:12     | 16659 ||| Stepping ~*~*~tactically~*~*~ (stealth).
 16669 | D:12     | 16669 ||| Stepping ~*~*~tactically~*~*~ (stealth).
 16836 | D:12     | Identified the +0 chain mail "Buppim" {rElec rF- Regen+}
 16932 | D:12     | Reached skill level 12 in Armour
 17029 | D:12     | 17029 ||| Stepping ~*~*~tactically~*~*~ (stealth).
 17059 | D:12     | 17059 ||| READING 7 scrolls of identify.
 17059 | D:12     | 17059 ||| IDENTIFYING golden potion
 17180 | D:13     | 17180 ||| INVOKING Heroism.
 17181 | D:13     | 17181 ||| INVOKING Finesse.
 17185 | D:13     | 17185 ||| SWAPPING to +4 morningstar.
 17189 | D:13     | 17189 ||| SWAPPING to +0 broad axe of Okawaru's Fury
                  | {drain, Drain rPois MP+9}.
 17269 | D:13     | Identified the +1 leather armour of Ytashu {*Corrode rC++
                  | Will- Regen+}
 17319 | D:13     | Found Tuiroina's Assorted Antiques.
 17328 | D:13     | 17328 ||| BUYING scroll of identify (74 gold).
 17328 | D:13     | Bought a scroll of identify for 74 gold pieces
 17328 | D:13     | 17328 ||| BUYING translucent lapis lazuli ring (185 gold).
 17328 | D:13     | Bought a translucent lapis lazuli ring for 185 gold pieces
 17328 | D:13     | Identified the ring "Gedwomif" {rCorr Int+5} (You bought it
                  | in a shop on level 13 of the Dungeon)
 17361 | D:13     | Found a gate to the Vaults.
 17656 | D:13     | 17656 ||| READING scroll labelled WEUDEWKEISHRO.
 17751 | D:14     | 17751 ||| Stepping ~*~*~tactically~*~*~ (hiding).
 17968 | D:14     | You are sucked into a shaft and drop 1 floor!
 17968 | D:15     | Entered Level 15 of the Dungeon
 18124 | D:15     | Found a staircase to the Depths.
 18125 | D:15     | 18125 ||| INVOKING Heroism.
 18322 | D:15     | 18322 ||| INVOKING Heroism.
 18325 | D:15     | 18325 ||| INVOKING Finesse.
 18346 | D:15     | 18346 ||| SWAPPING to +4 morningstar.
 18352 | D:15     | 18352 ||| SWAPPING to +0 broad axe of Okawaru's Fury
                  | {drain, Drain rPois MP+9}.
 18545 | D:14     | 18545 ||| Stepping ~*~*~tactically~*~*~ (stealth).
 18546 | D:14     | 18546 ||| FLEEEEING.
 18663 | D:14     | 18663 ||| Stepping ~*~*~tactically~*~*~ (hiding).
 18868 | D:14     | Found a burning altar of Makhleb.
 19094 | D:14     | 19094 ||| INVOKING Heroism.
 19307 | D:14     | 19307 ||| UPGRADING to +2 kite shield of fire resistance.
 19317 | D:14     | 19317 ||| DROPPING +0 buckler.
 19688 | D:15     | 19688 ||| INVOKING Heroism.
 19702 | D:15     | 19702 ||| Stepping ~*~*~tactically~*~*~ (stealth).
 19987 | D:15     | 19987 ||| PLANNING ORC
 20147 | Orc:1    | Entered Level 1 of the Orcish Mines
 20158 | Orc:1    | 20158 ||| Stepping ~*~*~tactically~*~*~ (stealth).
 20160 | Orc:1    | 20160 ||| Stepping ~*~*~tactically~*~*~ (stealth).
 20161 | Orc:1    | 20161 ||| Stepping ~*~*~tactically~*~*~ (stealth).
 20217 | Orc:1    | 20217 ||| Stepping ~*~*~tactically~*~*~ (stealth).
 20263 | Orc:1    | 20263 ||| INVOKING Heroism.
 20283 | Orc:1    | 20283 ||| Stepping ~*~*~tactically~*~*~ (stealth).
 20287 | Orc:1    | Noticed an orc warlord
 20291 | Orc:1    | Reached skill level 9 in Shields
 20292 | Orc:1    | 20292 ||| INVOKING Heroism.
 20302 | Orc:1    | Killed an orc warlord
 20347 | Orc:1    | Found Murcheis's Assorted Antiques.
 20362 | Orc:1    | 20362 ||| BUYING flickering jade ring (120 gold).
 20362 | Orc:1    | Bought a flickering jade ring for 120 gold pieces
 20362 | Orc:1    | Identified the ring "Heuwom" {Contam rPois rF- rC+++ Int+6}
                  | (You bought it in a shop on level 1 of the Orcish Mines)
 20362 | Orc:1    | 20362 ||| BUYING scroll of identify (48 gold).
 20362 | Orc:1    | Bought a scroll of identify for 48 gold pieces
 20362 | Orc:1    | 20362 ||| BUYING scroll of identify (48 gold).
 20362 | Orc:1    | Bought a scroll of identify for 48 gold pieces
 20547 | Orc:1    | 20547 ||| UPGRADING to ring "Heuwom" {Contam rPois rF-
                  | rC+++ Int+6}.
 20558 | Orc:2    | Entered Level 2 of the Orcish Mines
 20582 | Orc:2    | 20582 ||| INVOKING Heroism.
 20608 | Orc:2    | 20608 ||| Stepping ~*~*~tactically~*~*~ (hiding).
 20609 | Orc:2    | 20609 ||| Stepping ~*~*~tactically~*~*~ (hiding).
 20610 | Orc:2    | 20610 ||| Stepping ~*~*~tactically~*~*~ (hiding).
 20618 | Orc:2    | 20618 ||| Stepping ~*~*~tactically~*~*~ (hiding).
 20624 | Orc:2    | 20624 ||| Stepping ~*~*~tactically~*~*~ (hiding).
 20625 | Orc:2    | 20625 ||| Stepping ~*~*~tactically~*~*~ (hiding).
 20655 | Orc:2    | 20655 ||| INVOKING Heroism.
 20676 | Orc:2    | Reached skill level 10 in Shields
 20735 | Orc:2    | Noticed an orc warlord
 20736 | Orc:2    | 20736 ||| INVOKING Heroism.
 20767 | Orc:2    | Killed an orc warlord
 20800 | Orc:2    | 20800 ||| INVOKING Heroism.
 20805 | Orc:2    | 20805 ||| Stepping ~*~*~tactically~*~*~ (hiding).
 20820 | Orc:2    | Reached skill level 11 in Shields
 20855 | Orc:2    | 20855 ||| Stepping ~*~*~tactically~*~*~ (stealth).
 20858 | Orc:2    | 20858 ||| Stepping ~*~*~tactically~*~*~ (stealth).
 20859 | Orc:2    | 20859 ||| Stepping ~*~*~tactically~*~*~ (stealth).
 20888 | Orc:2    | Found a staircase to the Elven Halls.
 20952 | Orc:2    | Found Jelul's Antique Weapon Boutique.
 20978 | Orc:2    | Found Solynuh's Antique Armour Boutique.
 21089 | Orc:2    | Found Mavoorr's Self-Improvement Boutique.
 21098 | Orc:2    | Found Ifa Akiorph's General Store.
 21099 | Orc:2    | 21099 ||| INVOKING Heroism.
 21122 | Orc:2    | Reached XP level 16. HP: 76/101 MP: 23/23
 21196 | Orc:2    | 21196 ||| BUYING 2 potions of resistance (300 gold).
 21196 | Orc:2    | Bought 2 potions of resistance for 300 gold pieces
 21196 | Orc:2    | 21196 ||| BUYING scroll of enchant weapon (112 gold).
 21196 | Orc:2    | Bought a scroll of enchant weapon for 112 gold pieces
 21196 | Orc:2    | 21196 ||| BUYING scroll of identify (30 gold).
 21196 | Orc:2    | Bought a scroll of identify for 30 gold pieces
 21204 | Orc:2    | 21204 ||| INVOKING Heroism.
 21205 | Orc:2    | 21205 ||| Stepping ~*~*~tactically~*~*~ (hiding).
 21206 | Orc:2    | 21206 ||| Stepping ~*~*~tactically~*~*~ (hiding).
 21207 | Orc:2    | 21207 ||| Stepping ~*~*~tactically~*~*~ (hiding).
 21208 | Orc:2    | 21208 ||| Stepping ~*~*~tactically~*~*~ (hiding).
 21210 | Orc:2    | 21210 ||| Stepping ~*~*~tactically~*~*~ (hiding).
 21224 | Orc:2    | 21224 ||| Stepping ~*~*~tactically~*~*~ (stealth).
 21274 | Orc:2    | 21274 ||| Stepping ~*~*~tactically~*~*~ (hiding).
 21387 | Orc:2    | Found Umaog's Book Shoppe.
 21472 | Orc:2    | 21472 ||| PLANNING SNAKE:1-3
 21601 | Snake:1  | Entered Level 1 of the Snake Pit
 21708 | Snake:1  | 21708 ||| Stepping ~*~*~tactically~*~*~ (stealth).
 21710 | Snake:1  | 21710 ||| Stepping ~*~*~tactically~*~*~ (hiding).
 21850 | Snake:1  | 21850 ||| Stepping ~*~*~tactically~*~*~ (hiding).
 21860 | Snake:1  | 21860 ||| INVOKING Heroism.
 21972 | Snake:1  | 21972 ||| Stepping ~*~*~tactically~*~*~ (hiding).
 21973 | Snake:1  | 21973 ||| Stepping ~*~*~tactically~*~*~ (hiding).
 21976 | Snake:1  | 21976 ||| Stepping ~*~*~tactically~*~*~ (hiding).
 21985 | Snake:1  | Reached skill level 12 in Shields
 22015 | Snake:1  | Found a glowing golden altar of the Shining One.
 22020 | Snake:1  | Found Itheil's Magic Scroll Shop.
 22026 | Snake:1  | Found Lushri's Jewellery Shop.
 22029 | Snake:1  | 22029 ||| BUYING scroll of brand weapon (161 gold).
 22029 | Snake:1  | Bought a scroll of brand weapon for 161 gold pieces
 22029 | Snake:1  | 22029 ||| BUYING scroll of teleportation (51 gold).
 22029 | Snake:1  | Bought a scroll of teleportation for 51 gold pieces
 22029 | Snake:1  | 22029 ||| BUYING scroll of teleportation (51 gold).
 22029 | Snake:1  | Bought a scroll of teleportation for 51 gold pieces
 22029 | Snake:1  | 22029 ||| BUYING scroll of teleportation (51 gold).
 22029 | Snake:1  | Bought a scroll of teleportation for 51 gold pieces
 22033 | Snake:1  | 22033 ||| SHOPLISTING +4 ring of slaying (1404 gold, have
                  | 892).
 22033 | Snake:1  | 22033 ||| BUYING +5 ring of evasion (648 gold).
 22033 | Snake:1  | Bought a +5 ring of evasion for 648 gold pieces
 22033 | Snake:1  | 22033 ||| SHOPLISTING ring "Ohykil" {rN+++ Will+ MP-9 Str+3
                  | Dex-4} (576 gold, have 244).
 22033 | Snake:1  | 22033 ||| SHOPLISTING ring of resist corrosion (360 gold,
                  | have 244).
 22057 | Snake:1  | 22057 ||| Stepping ~*~*~tactically~*~*~ (hiding).
 22247 | Snake:1  | 22247 ||| Stepping ~*~*~tactically~*~*~ (hiding).
 22250 | Snake:1  | 22250 ||| Stepping ~*~*~tactically~*~*~ (hiding).
 22251 | Snake:1  | 22251 ||| Stepping ~*~*~tactically~*~*~ (hiding).
 22253 | Snake:1  | 22253 ||| Stepping ~*~*~tactically~*~*~ (hiding).
 22362 | Snake:1  | 22362 ||| Stepping ~*~*~tactically~*~*~ (hiding).
 22364 | Snake:1  | 22364 ||| Stepping ~*~*~tactically~*~*~ (hiding).
 22475 | Snake:1  | 22475 ||| Stepping ~*~*~tactically~*~*~ (hiding).
 22477 | Snake:1  | 22477 ||| Stepping ~*~*~tactically~*~*~ (hiding).
 22614 | Snake:1  | 22614 ||| Stepping ~*~*~tactically~*~*~ (hiding).
 23010 | Snake:1  | 23010 ||| UPGRADING to +0 tower shield.
 23020 | Snake:1  | 23020 ||| DROPPING +2 kite shield of fire resistance.
 23021 | Snake:1  | 23021 ||| UPGRADING to +5 ring of evasion.
 23029 | Snake:1  | Gained mutation: You are weak. (Str -2) [mutagenic glow]
 23056 | Snake:2  | 23056 ||| INVOKING Heroism.
 23122 | Snake:2  | Reached skill level 13 in Shields
 23137 | Snake:2  | 23137 ||| Stepping ~*~*~tactically~*~*~ (hiding).
 23175 | Snake:2  | 23175 ||| Stepping ~*~*~tactically~*~*~ (stealth).
 23337 | Snake:2  | 23337 ||| DROPPING +2 war axe of venom.
 23338 | Snake:2  | 23338 ||| DROPPING +2 war axe of draining.
 23339 | Snake:2  | 23339 ||| DROPPING +4 war axe of draining.
 23576 | Snake:2  | 23576 ||| Stepping ~*~*~tactically~*~*~ (hiding).
 23646 | Snake:2  | 23646 ||| Stepping ~*~*~tactically~*~*~ (hiding).
 23657 | Snake:2  | Reached skill level 14 in Shields
 23823 | Snake:2  | Noticed a nagaraja
 23824 | Snake:2  | 23824 ||| Stepping ~*~*~tactically~*~*~ (hiding).
 23830 | Snake:2  | 23830 ||| INVOKING Heroism.
 23836 | Snake:2  | Killed a nagaraja
 23839 | Snake:2  | 23839 ||| Stepping ~*~*~tactically~*~*~ (hiding).
 23841 | Snake:2  | 23841 ||| Stepping ~*~*~tactically~*~*~ (hiding).
 24042 | Snake:2  | 24042 ||| Stepping ~*~*~tactically~*~*~ (hiding).
 24140 | Snake:2  | Received a gift from Okawaru
 24673 | Snake:3  | 24673 ||| Stepping ~*~*~tactically~*~*~ (hiding).
 24674 | Snake:3  | 24674 ||| Stepping ~*~*~tactically~*~*~ (hiding).
 24688 | Snake:3  | Identified the +4 triple crossbow "Qyckuo" {drain, Str+3
                  | Dex+5} (Okawaru gifted it to you on level 3 of the Snake
                  | Pit)
 24688 | Snake:3  | Received a gift from Okawaru
 24697 | Snake:3  | Reached skill level 15 in Shields
 24775 | Snake:3  | 24775 ||| Stepping ~*~*~tactically~*~*~ (stealth).
 24782 | Snake:3  | 24782 ||| Stepping ~*~*~tactically~*~*~ (hiding).
 24791 | Snake:3  | 24791 ||| Stepping ~*~*~tactically~*~*~ (hiding).
 24804 | Snake:3  | 24804 ||| Stepping ~*~*~tactically~*~*~ (hiding).
 24833 | Snake:3  | 24833 ||| Stepping ~*~*~tactically~*~*~ (stealth).
 24861 | Snake:3  | 24861 ||| Stepping ~*~*~tactically~*~*~ (hiding).
 24875 | Snake:3  | Identified the +0 leather armour of Miracles {rF+ Stlth+}
 24885 | Snake:3  | 24885 ||| INVOKING Heroism.
 24924 | Snake:3  | 24924 ||| Stepping ~*~*~tactically~*~*~ (hiding).
 24925 | Snake:3  | 24925 ||| Stepping ~*~*~tactically~*~*~ (hiding).
 24926 | Snake:3  | 24926 ||| Stepping ~*~*~tactically~*~*~ (hiding).
 24938 | Snake:3  | Reached skill level 16 in Shields
 25126 | Snake:3  | 25126 ||| Stepping ~*~*~tactically~*~*~ (hiding).
 25278 | Snake:3  | 25278 ||| Stepping ~*~*~tactically~*~*~ (hiding).
 25372 | Snake:3  | 25372 ||| Stepping ~*~*~tactically~*~*~ (stealth).
 25373 | Snake:3  | 25373 ||| Stepping ~*~*~tactically~*~*~ (stealth).
 25461 | Snake:3  | 25461 ||| Stepping ~*~*~tactically~*~*~ (stealth).
 25486 | Snake:3  | Reached XP level 17. HP: 83/106 MP: 24/24
 25565 | Snake:3  | 25565 ||| Stepping ~*~*~tactically~*~*~ (stealth).
 25580 | Snake:3  | 25580 ||| Stepping ~*~*~tactically~*~*~ (stealth).
 25582 | Snake:3  | 25582 ||| Stepping ~*~*~tactically~*~*~ (stealth).
 25583 | Snake:3  | 25583 ||| Stepping ~*~*~tactically~*~*~ (stealth).
 25584 | Snake:3  | 25584 ||| Stepping ~*~*~tactically~*~*~ (stealth).
 25601 | Snake:3  | 25601 ||| Stepping ~*~*~tactically~*~*~ (stealth).
 25610 | Snake:3  | Reached ****** piety under Okawaru
 25626 | Snake:3  | Received a gift from Okawaru
 25627 | Snake:3  | 25627 ||| FLEEEEING.
 25628 | Snake:3  | 25628 ||| FLEEEEING.
 25630 | Snake:3  | 25630 ||| Stepping ~*~*~tactically~*~*~ (hiding).
 25634 | Snake:3  | 25634 ||| INVOKING Heroism.
 25861 | Snake:3  | 25861 ||| Stepping ~*~*~tactically~*~*~ (stealth).
 25882 | Snake:3  | 25882 ||| Stepping ~*~*~tactically~*~*~ (hiding).
 25901 | Snake:3  | 25901 ||| Stepping ~*~*~tactically~*~*~ (hiding).
 25921 | Snake:3  | Reached skill level 17 in Shields
 26052 | Snake:3  | 26052 ||| Stepping ~*~*~tactically~*~*~ (hiding).
 26055 | Snake:3  | 26055 ||| Stepping ~*~*~tactically~*~*~ (hiding).
 26056 | Snake:3  | 26056 ||| Stepping ~*~*~tactically~*~*~ (hiding).
 26057 | Snake:3  | 26057 ||| Stepping ~*~*~tactically~*~*~ (hiding).
 26058 | Snake:3  | 26058 ||| Stepping ~*~*~tactically~*~*~ (hiding).
 26059 | Snake:3  | 26059 ||| Stepping ~*~*~tactically~*~*~ (hiding).
 26060 | Snake:3  | 26060 ||| INVOKING Heroism.
 26082 | Snake:3  | Received a gift from Okawaru
 26184 | Snake:3  | 26184 ||| Stepping ~*~*~tactically~*~*~ (hiding).
 26412 | Snake:3  | 26412 ||| PLANNING SHOALS:1-3
 26557 | Shoals:1 | Entered Level 1 of the Shoals
 26571 | Shoals:1 | 26571 ||| Stepping ~*~*~tactically~*~*~ (hiding).
 26616 | Shoals:1 | 26616 ||| INVOKING Heroism.
 26948 | Shoals:1 | 26948 ||| INVOKING Heroism.
 26949 | Shoals:1 | 26949 ||| INVOKING Finesse.
 26989 | Shoals:1 | 26989 ||| Stepping ~*~*~tactically~*~*~ (hiding).
 27159 | Shoals:1 | 27159 ||| Stepping ~*~*~tactically~*~*~ (stealth).
 27217 | Shoals:1 | 27217 ||| Stepping ~*~*~tactically~*~*~ (hiding).
 27268 | Shoals:1 | 27268 ||| Stepping ~*~*~tactically~*~*~ (hiding).
 27270 | Shoals:1 | 27270 ||| INVOKING Heroism.
 27335 | Shoals:1 | Identified the ring of Incredulity {rF- rCorr Str+4 Int+3
                  | SInv}
 27572 | Shoals:1 | 27572 ||| UPGRADING to ring of Incredulity {rF- rCorr Str+4
                  | Int+3 SInv}.
 27574 | Shoals:1 | 27574 ||| UPGRADING to +5 ring of evasion.
 27589 | Shoals:2 | 27589 ||| INVOKING Heroism.
 27631 | Shoals:2 | 27631 ||| INVOKING Heroism.
 27660 | Shoals:2 | 27660 ||| INVOKING Heroism.
 27739 | Shoals:2 | 27739 ||| INVOKING Heroism.
 27953 | Shoals:2 | 27953 ||| INVOKING Heroism.
 27955 | Shoals:2 | HP: 24/108 [sun demon (17)]
 27956 | Shoals:2 | 27956 ||| READING 7 scrolls of teleportation.
 27957 | Shoals:2 | 27957 ||| DRINKING 9 potions of heal wounds.
 28190 | Shoals:2 | 28190 ||| Stepping ~*~*~tactically~*~*~ (hiding).
 28191 | Shoals:2 | 28191 ||| Stepping ~*~*~tactically~*~*~ (hiding).
 28192 | Shoals:2 | 28192 ||| Stepping ~*~*~tactically~*~*~ (hiding).
 28193 | Shoals:2 | 28193 ||| Stepping ~*~*~tactically~*~*~ (hiding).
 28199 | Shoals:2 | Received a gift from Okawaru
 28207 | Shoals:2 | 28207 ||| DROPPING +4 morningstar.
 28240 | Shoals:2 | 28240 ||| DROPPING +8 hand axe "Febluaw" {speed, rPois rC-
                  | Will+ Str+8}.
 28241 | Shoals:2 | 28241 ||| DROPPING +0 broad axe.
 28268 | Shoals:2 | 28268 ||| INVOKING Heroism.
 28351 | Shoals:2 | 28351 ||| INVOKING Heroism.
 28409 | Shoals:2 | 28409 ||| FLEEEEING.
 28506 | Shoals:2 | 28506 ||| INVOKING Heroism.
 28755 | Shoals:2 | 28755 ||| INVOKING Heroism.
 29010 | Shoals:3 | Reached skill level 18 in Axes
 29170 | Shoals:3 | 29170 ||| INVOKING Heroism.
 29376 | Shoals:3 | 29376 ||| Stepping ~*~*~tactically~*~*~ (hiding).
 29378 | Shoals:3 | 29378 ||| Stepping ~*~*~tactically~*~*~ (hiding).
 29379 | Shoals:3 | 29379 ||| Stepping ~*~*~tactically~*~*~ (hiding).
 29380 | Shoals:3 | 29380 ||| Stepping ~*~*~tactically~*~*~ (hiding).
 29623 | Shoals:3 | 29623 ||| INVOKING Heroism.
 29749 | Shoals:3 | Received a gift from Okawaru
 29903 | Shoals:3 | 29903 ||| INVOKING Heroism.
 29915 | Shoals:3 | Reached XP level 18. HP: 75/116 MP: 25/25
 30246 | Shoals:3 | 30246 ||| PLANNING SNAKE:4
 30412 | Snake:4  | Entered Level 4 of the Snake Pit
 30426 | Snake:4  | Received a gift from Okawaru
 30472 | Snake:4  | 30472 ||| INVOKING Heroism.
 30586 | Snake:4  | Found Nymnec's Assorted Antiques.
 30595 | Snake:4  | 30595 ||| BUYING potion of magic (240 gold).
 30595 | Snake:4  | Bought a potion of magic for 240 gold pieces
 30595 | Snake:4  | 30595 ||| BUYING scintillating tin ring (150 gold).
 30595 | Snake:4  | Bought a scintillating tin ring for 150 gold pieces
 30595 | Snake:4  | Identified the ring "Essaofu" {rN+ Int+4 SInv} (You bought
                  | it in a shop on level 4 of the Snake Pit)
 30746 | Snake:4  | 30746 ||| Stepping ~*~*~tactically~*~*~ (hiding).
 30747 | Snake:4  | 30747 ||| Stepping ~*~*~tactically~*~*~ (hiding).
 30804 | Snake:4  | 30804 ||| INVOKING Heroism.
 30842 | Snake:4  | 30842 ||| Stepping ~*~*~tactically~*~*~ (hiding).
 30845 | Snake:4  | 30845 ||| Stepping ~*~*~tactically~*~*~ (hiding).
 30846 | Snake:4  | 30846 ||| Stepping ~*~*~tactically~*~*~ (hiding).
 30853 | Snake:4  | 30853 ||| INVOKING Heroism.
 30862 | Snake:4  | 30862 ||| Stepping ~*~*~tactically~*~*~ (stealth).
 30863 | Snake:4  | 30863 ||| Stepping ~*~*~tactically~*~*~ (stealth).
 30868 | Snake:4  | 30868 ||| Stepping ~*~*~tactically~*~*~ (stealth).
 30890 | Snake:4  | Noticed a quicksilver dragon
 30892 | Snake:4  | Noticed a quicksilver dragon
 30900 | Snake:4  | Killed a quicksilver dragon
 30901 | Snake:4  | Reached skill level 18 in Shields
 30902 | Snake:4  | Killed a quicksilver dragon
 30915 | Snake:4  | 30915 ||| INVOKING Heroism.
 30921 | Snake:4  | 30921 ||| Stepping ~*~*~tactically~*~*~ (stealth).
 30961 | Snake:4  | 30961 ||| Stepping ~*~*~tactically~*~*~ (hiding).
 31008 | Snake:4  | 31008 ||| Stepping ~*~*~tactically~*~*~ (stealth).
 31069 | Snake:4  | 31069 ||| INVOKING Heroism.
 31077 | Snake:4  | Received a gift from Okawaru
 31197 | Snake:4  | 31197 ||| INVOKING Heroism.
 31284 | Snake:4  | Got a serpentine rune of Zot
 31338 | Snake:4  | Found Vamym's Armour Shoppe.
 31340 | Snake:4  | 31340 ||| Stepping ~*~*~tactically~*~*~ (stealth).
 31349 | Snake:4  | 31349 ||| Stepping ~*~*~tactically~*~*~ (stealth).
 31350 | Snake:4  | Found Upeucud's Weapon Shoppe.
 31350 | Snake:4  | Found Oreng's Assorted Antiques.
 31359 | Snake:4  | 31359 ||| SHOPLISTING +10 plate armour of ponderousness
                  | (800 gold, have 349).
 31359 | Snake:4  | 31359 ||| SHOPLISTING +2 plate armour of cold resistance
                  | (640 gold, have 349).
 31359 | Snake:4  | Found Joupn's General Store.
 31363 | Snake:4  | 31363 ||| BUYING fizzy grey potion (36 gold).
 31363 | Snake:4  | Bought a fizzy grey potion for 36 gold pieces
 31363 | Snake:4  | 31363 ||| BUYING pair of embroidered gloves (300 gold).
 31363 | Snake:4  | Bought a pair of embroidered gloves for 300 gold pieces
 31363 | Snake:4  | 31363 ||| SHOPLISTING potion of cancellation (320 gold,
                  | have 27).
 31416 | Snake:4  | 31416 ||| Stepping ~*~*~tactically~*~*~ (hiding).
 31418 | Snake:4  | 31418 ||| Stepping ~*~*~tactically~*~*~ (hiding).
 31528 | Snake:4  | 31528 ||| Stepping ~*~*~tactically~*~*~ (stealth).
 31710 | Snake:4  | 31710 ||| Stepping ~*~*~tactically~*~*~ (hiding).
 31729 | Snake:4  | 31729 ||| FLEEEEING.
 31732 | Snake:4  | 31732 ||| FLEEEEING.
 31734 | Snake:4  | 31734 ||| FLEEEEING.
 31735 | Snake:4  | 31735 ||| FLEEEEING.
 31736 | Snake:4  | 31736 ||| FLEEEEING.
 31737 | Snake:4  | 31737 ||| FLEEEEING.
 32007 | Snake:4  | 32007 ||| Stepping ~*~*~tactically~*~*~ (stealth).
 32092 | Snake:4  | 32092 ||| PLANNING VAULTS:1-4
 32092 | Snake:4  | 32092 ||| UPGRADING to +2 pair of gloves of stealth.
 32102 | Snake:4  | 32102 ||| DROPPING +0 pair of gloves.
 32103 | Snake:4  | 32103 ||| READING 19 scrolls of identify.
 32103 | Snake:4  | 32103 ||| IDENTIFYING fizzy grey potion
 32104 | Snake:4  | 32104 ||| DROPPING potion of brilliance.
 32403 | Vaults:1 | Entered Level 1 of the Vaults
 32404 | Vaults:1 | 32404 ||| PLANNING BAZAAR
 32408 | Vaults:1 | 32408 ||| INVOKING Heroism.
 32409 | Vaults:1 | 32409 ||| INVOKING Finesse.
 32427 | Vaults:1 | Reached skill level 15 in Fighting
 32448 | Vaults:1 | Received a gift from Okawaru
 32616 | Vaults:1 | 32616 ||| DROPPING +1 war axe of electrocution.
 32624 | Vaults:1 | Found a flickering gateway to a bazaar.
 32633 | Bazaar   | Entered a bazaar
 32635 | Bazaar   | Found Gagosmabev's Antique Armour Boutique.
 32639 | Bazaar   | Found Puvvegi's Jewellery Boutique.
 32639 | Bazaar   | Found Xihesao's Armour Boutique.
 32640 | Bazaar   | Found Rewo's Distillery.
 32667 | Vaults:1 | 32667 ||| PLANNING VAULTS:1-4
 32725 | Vaults:1 | 32725 ||| Stepping ~*~*~tactically~*~*~ (hiding).
 32831 | Vaults:1 | 32831 ||| Stepping ~*~*~tactically~*~*~ (hiding).
 32832 | Vaults:1 | 32832 ||| Stepping ~*~*~tactically~*~*~ (hiding).
 32835 | Vaults:1 | 32835 ||| INVOKING Heroism.
 32836 | Vaults:1 | 32836 ||| INVOKING Finesse.
 32862 | Vaults:1 | Received a gift from Okawaru
 33294 | Vaults:1 | 33294 ||| INVOKING Heroism.
 33323 | Vaults:1 | Received a gift from Okawaru
 33497 | Vaults:1 | Reached XP level 19. HP: 124/124 MP: 26/26
 33641 | Vaults:1 | 33641 ||| INVOKING Heroism.
 33654 | Vaults:1 | Reached skill level 9 in Throwing
 33671 | Vaults:1 | Received a gift from Okawaru
 33775 | Vaults:1 | 33775 ||| Stepping ~*~*~tactically~*~*~ (hiding).
 33883 | Vaults:1 | Found Olui's Armour Shoppe.
 33887 | Vaults:1 | 33887 ||| Stepping ~*~*~tactically~*~*~ (stealth).
 33888 | Vaults:1 | 33888 ||| Stepping ~*~*~tactically~*~*~ (stealth).
 34087 | Vaults:1 | 34087 ||| Stepping ~*~*~tactically~*~*~ (stealth).
 34129 | Vaults:1 | 34129 ||| DROPPING amulet of magic regeneration.
 34250 | Vaults:2 | 34250 ||| PLANNING WIZLAB
 34305 | Vaults:2 | Received a gift from Okawaru
 34307 | Vaults:2 | 34307 ||| FLEEEEING.
 34308 | Vaults:2 | 34308 ||| FLEEEEING.
 34309 | Vaults:2 | 34309 ||| STAIRDANCE
 34472 | Vaults:2 | 34472 ||| INVOKING Heroism.
 34473 | Vaults:2 | 34473 ||| INVOKING Finesse.
 34633 | Vaults:2 | Identified the +0 robe "Qatusarch" {Rampage rPois Int-5
                  | Stlth-}
 34638 | Vaults:2 | 34638 ||| Stepping ~*~*~tactically~*~*~ (hiding).
 34716 | Vaults:2 | Received a gift from Okawaru
 34752 | Vaults:2 | 34752 ||| Stepping ~*~*~tactically~*~*~ (stealth).
 34757 | Vaults:2 | 34757 ||| Stepping ~*~*~tactically~*~*~ (stealth).
 34762 | Vaults:2 | 34762 ||| Stepping ~*~*~tactically~*~*~ (stealth).
 34771 | Vaults:2 | 34771 ||| Stepping ~*~*~tactically~*~*~ (stealth).
 34783 | Vaults:2 | 34783 ||| Stepping ~*~*~tactically~*~*~ (stealth).
 34784 | Vaults:2 | 34784 ||| Stepping ~*~*~tactically~*~*~ (stealth).
 34867 | Vaults:2 | 34867 ||| Stepping ~*~*~tactically~*~*~ (hiding).
 34869 | Vaults:2 | 34869 ||| Stepping ~*~*~tactically~*~*~ (hiding).
 34870 | Vaults:2 | 34870 ||| Stepping ~*~*~tactically~*~*~ (hiding).
 34900 | Vaults:2 | Reached skill level 19 in Shields
 35003 | Vaults:2 | 35003 ||| Stepping ~*~*~tactically~*~*~ (hiding).
 35043 | Vaults:2 | 35043 ||| RIP WIZLAB
 35044 | Vaults:2 | 35044 ||| PLANNING VAULTS:1-4
 35238 | Vaults:2 | 35238 ||| Stepping ~*~*~tactically~*~*~ (hiding).
 35239 | Vaults:2 | 35239 ||| Stepping ~*~*~tactically~*~*~ (hiding).
 35240 | Vaults:2 | 35240 ||| INVOKING Heroism.
 35241 | Vaults:2 | 35241 ||| INVOKING Finesse.
 35456 | Vaults:2 | 35456 ||| Stepping ~*~*~tactically~*~*~ (hiding).
 35489 | Vaults:2 | Reached skill level 15 in Armour
 35518 | Vaults:2 | 35518 ||| INVOKING Heroism.
 35521 | Vaults:2 | Received a gift from Okawaru
 35536 | Vaults:2 | HP: 31/127 [frost giant/+2 battleaxe of freezing (2)]
 35537 | Vaults:2 | 35537 ||| READING 10 scrolls of teleportation.
 35538 | Vaults:2 | 35538 ||| DRINKING 8 potions of heal wounds.
 35799 | Vaults:2 | 35799 ||| Stepping ~*~*~tactically~*~*~ (hiding).
 35800 | Vaults:2 | 35800 ||| Stepping ~*~*~tactically~*~*~ (hiding).
 35802 | Vaults:2 | 35802 ||| INVOKING Heroism.
 35843 | Vaults:2 | 35843 ||| INVOKING Heroism.
 35847 | Vaults:2 | Received a gift from Okawaru
 35967 | Vaults:2 | 35967 ||| INVOKING Heroism.
 35968 | Vaults:2 | 35968 ||| INVOKING Finesse.
 36078 | Vaults:2 | 36078 ||| Stepping ~*~*~tactically~*~*~ (stealth).
 36080 | Vaults:2 | 36080 ||| Stepping ~*~*~tactically~*~*~ (hiding).
 36129 | Vaults:2 | 36129 ||| Stepping ~*~*~tactically~*~*~ (stealth).
 36138 | Vaults:2 | 36138 ||| INVOKING Heroism.
 36147 | Vaults:2 | Noticed a dread lich
 36152 | Vaults:2 | Noticed a Brimstone Fiend
 36162 | Vaults:2 | HP: 32/128 [Executioner[a dread lich] (2)]
 36163 | Vaults:2 | 36163 ||| READING 9 scrolls of teleportation.
 36164 | Vaults:2 | 36164 ||| DRINKING 7 potions of heal wounds.
 36444 | Vaults:2 | 36444 ||| Stepping ~*~*~tactically~*~*~ (hiding).
 36446 | Vaults:2 | 36446 ||| Stepping ~*~*~tactically~*~*~ (hiding).
 36447 | Vaults:2 | 36447 ||| Stepping ~*~*~tactically~*~*~ (hiding).
 36448 | Vaults:2 | 36448 ||| Stepping ~*~*~tactically~*~*~ (hiding).
 36449 | Vaults:2 | 36449 ||| Stepping ~*~*~tactically~*~*~ (hiding).
 36450 | Vaults:2 | 36450 ||| Stepping ~*~*~tactically~*~*~ (hiding).
 36473 | Vaults:2 | Identified the +1 chain mail of the Black Skies {Slay+3}
 36537 | Vaults:2 | Reached XP level 20. HP: 115/134 MP: 27/27
 36659 | Vaults:2 | 36659 ||| Stepping ~*~*~tactically~*~*~ (hiding).
 36700 | Vaults:2 | 36700 ||| INVOKING Heroism.
 36701 | Vaults:2 | 36701 ||| INVOKING Finesse.
 36710 | Vaults:2 | Killed a dread lich
 36710 | Vaults:2 | Received a gift from Okawaru
 36851 | Vaults:2 | 36851 ||| Stepping ~*~*~tactically~*~*~ (hiding).
 36861 | Vaults:2 | 36861 ||| INVOKING Heroism.
 37127 | Vaults:2 | 37127 ||| UPGRADING to +2 pair of boots.
 37137 | Vaults:2 | 37137 ||| DROPPING +0 pair of boots.
 37266 | Vaults:3 | Received a gift from Okawaru
 37321 | Vaults:3 | 37321 ||| Stepping ~*~*~tactically~*~*~ (stealth).
 37373 | Vaults:3 | Paralysed by a great orb of eyes for 3 turns
 37543 | Vaults:3 | Found a runed translucent gate.
 37544 | Vaults:3 | Found a runed translucent gate.
 37544 | Vaults:3 | Found a runed translucent gate.
 37545 | Vaults:3 | Noticed qw's ghost (adept MiHu)
 37562 | Vaults:3 | 37562 ||| INVOKING Heroism.
 37635 | Vaults:3 | Found a staircase to the Crypt.
 37635 | Vaults:3 | Found a basalt altar of Yredelemnul.
 37635 | Vaults:3 | Found an ancient bone altar of Kikubaaqudgha.
 37676 | Vaults:3 | 37676 ||| FLEEEEING.
 37677 | Vaults:3 | 37677 ||| FLEEEEING.
 37678 | Vaults:3 | 37678 ||| FLEEEEING.
 37679 | Vaults:3 | 37679 ||| FLEEEEING.
 37680 | Vaults:3 | 37680 ||| FLEEEEING.
 37681 | Vaults:3 | 37681 ||| FLEEEEING.
 37682 | Vaults:3 | 37682 ||| FLEEEEING.
 37683 | Vaults:3 | 37683 ||| FLEEEEING.
 37684 | Vaults:3 | 37684 ||| FLEEEEING.
 37685 | Vaults:3 | 37685 ||| FLEEEEING.
 37686 | Vaults:3 | 37686 ||| FLEEEEING.
 37687 | Vaults:3 | 37687 ||| FLEEEEING.
 37688 | Vaults:3 | 37688 ||| FLEEEEING.
 37689 | Vaults:3 | 37689 ||| FLEEEEING.
 37690 | Vaults:3 | 37690 ||| FLEEEEING.
 37691 | Vaults:3 | 37691 ||| FLEEEEING.
 37692 | Vaults:3 | 37692 ||| FLEEEEING.
 37693 | Vaults:3 | 37693 ||| FLEEEEING.
 37694 | Vaults:3 | 37694 ||| FLEEEEING.
 37695 | Vaults:3 | 37695 ||| FLEEEEING.
 37696 | Vaults:3 | 37696 ||| FLEEEEING.
 37701 | Vaults:3 | Noticed Mennas
 37702 | Vaults:3 | 37702 ||| DRINKING 9 potions of curing.
 37702 | Vaults:3 | 37702 ||| (to cure confusion)
 37703 | Vaults:3 | 37703 ||| INVOKING Heroism.
 37704 | Vaults:3 | 37704 ||| INVOKING Finesse.
 37805 | Vaults:3 | 37805 ||| INVOKING Heroism.
 37807 | Vaults:3 | 37807 ||| DRINKING 8 potions of curing.
 37807 | Vaults:3 | 37807 ||| (to cure confusion)
 37821 | Vaults:3 | HP: 32/136 [Mennas/+0 sacred scourge of holy wrath (5)]
 37822 | Vaults:3 | 37822 ||| READING 8 scrolls of teleportation.
 37823 | Vaults:3 | 37823 ||| DRINKING 6 potions of heal wounds.
 38098 | Vaults:3 | 38098 ||| Stepping ~*~*~tactically~*~*~ (hiding).
 38117 | Vaults:3 | Reached skill level 18 in Fighting
 38128 | Vaults:3 | 38128 ||| INVOKING Heroism.
 38164 | Vaults:3 | HP: 19/136 [Mennas/+0 sacred scourge of holy wrath (21)]
 38165 | Vaults:3 | 38165 ||| DRINKING 5 potions of heal wounds.
 38167 | Vaults:3 | 38167 ||| DRINKING 4 potions of heal wounds.
 38169 | Vaults:3 | HP: 21/136 [Mennas/+0 sacred scourge of holy wrath (20)]
 38170 | Vaults:3 | 38170 ||| DRINKING 3 potions of heal wounds.
 38172 | Vaults:3 | 38172 ||| DRINKING 2 potions of heal wounds.
 38177 | Vaults:3 | HP: 30/136 [ironbound thunderhulk/bolt of lightning (10)]
 38178 | Vaults:3 | 38178 ||| READING 7 scrolls of teleportation.
 38179 | Vaults:3 | 38179 ||| DRINKING potion of heal wounds.
 38194 | Vaults:3 | 38194 ||| FLEEEEING.
 38195 | Vaults:3 | 38195 ||| FLEEEEING.
 38196 | Vaults:3 | 38196 ||| FLEEEEING.
 38200 | Vaults:3 | 38200 ||| FLEEEEING.
 38201 | Vaults:3 | 38201 ||| FLEEEEING.
 38202 | Vaults:3 | 38202 ||| FLEEEEING.
 38203 | Vaults:3 | 38203 ||| FLEEEEING.
 38204 | Vaults:3 | 38204 ||| FLEEEEING.
 38205 | Vaults:3 | 38205 ||| STAIRDANCE
 38446 | Vaults:2 | 38446 ||| DROPPING +1 pair of boots.
 38449 | Vaults:3 | 38449 ||| INVOKING Heroism.
 38450 | Vaults:3 | 38450 ||| INVOKING Finesse.
 38533 | Vaults:3 | 38533 ||| STAIRDANCE
 38542 | Vaults:2 | Killed Mennas
 38739 | Vaults:3 | 38739 ||| Stepping ~*~*~tactically~*~*~ (hiding).
 38969 | Vaults:3 | 38969 ||| Stepping ~*~*~tactically~*~*~ (stealth).
 38978 | Vaults:3 | Noticed Saint Roka
 38992 | Vaults:3 | 38992 ||| INVOKING Heroism.
 39003 | Vaults:3 | Killed Saint Roka
 39283 | Vaults:3 | Received a gift from Okawaru
 39707 | Vaults:3 | 39707 ||| INVOKING Heroism.
 39726 | Abyss:2  | Cast into level 2 of the Abyss (a wizard)
 39793 | Abyss:2  | Noticed a hellephant
 39793 | Abyss:2  | 39793 ||| DRINKING 4 potions of resistance.
 39794 | Abyss:2  | 39794 ||| INVOKING Heroism.
 39796 | Abyss:2  | 39796 ||| Stepping ~*~*~tactically~*~*~ (hiding).
 39802 | Abyss:2  | 39802 ||| Stepping ~*~*~tactically~*~*~ (hiding).
 39803 | Abyss:2  | 39803 ||| Stepping ~*~*~tactically~*~*~ (hiding).
 39814 | Abyss:2  | Reached skill level 20 in Shields
 39821 | Abyss:2  | 39821 ||| INVOKING Heroism.
 39829 | Abyss:2  | 39829 ||| DRINKING 7 potions of curing.
 39829 | Abyss:2  | 39829 ||| (to cure confusion)
 39832 | Abyss:2  | HP: 26/136 [hellephant/blast of flame (27)]
 39833 | Abyss:2  | 39833 ||| READING 9 scrolls of teleportation.
 39839 | Abyss:2  | 39839 ||| Stepping ~*~*~tactically~*~*~ (hiding).
 39840 | Abyss:2  | Killed from afar by a hellephant

Levels and vault maps discovered:
D:1:      kennysheep_arrival_seaside, layout_rooms, basic_ecumenical_altar
D:2:      layout_rooms, uniq_natasha
D:3:      layout_basic, tso_altar
D:4:      layout_basic, uniq_duvessa
D:5:      layout_basic, minmay_misc_feat_iff, nicolae_shop_vocational
D:6:      layout_basic, uniq_pikel
D:7:      layout_gridville, minmay_temple_entry_proselytizer
D:8:      layout_loops_corners, serial_shops, nicolae_shop_scrapyard,
          nicolae_the_louvre
D:9:      minmay_cornered_nines, layout_basic, grunt_lair_entry_orc_guard_hut,
          orc_0_dummy
D:10:     layout_loops_cross
D:11:     layout_basic, elyvilon_altar_1
D:12:     layout_rooms
D:13:     layout_big_octagon, serial_shops, nicolae_shop_tiny_waterfront
D:14:     layout_loops_ring, minmay_misc_feat_room, serial_aquarium,
          aquarium_bridge_long_joined [aquarium_subvault_bridge,
          aquarium_subvault_window, aquarium_subvault_window,
          aquarium_subvault_wall, aquarium_subvault_bridge,
          aquarium_subvault_balcony], aquarium_window_fake, aquarium_window_2,
          aquarium_window_corner, aquarium_view_2d, aquarium_balcony_3a,
          bloody_makhleb
D:15:     grunt_enter_depths_snipers, layout_irregular_city,
          serial_park_tiny_pond
Temple:   compressed_dpeg_triangle_lava_temple
Lair:1:   layout_long_grid, basic_altar
Lair:2:   layout_chaotic_city, guppyfry_snake_entry_island,
          portal_ice_cave_entry_pillars_2, nicolae_quartered_pool_super,
          infiniplex_staircase_pool
Lair:3:   beast_lair_carwin_large_4, layout_layer_cave,
          minmay_shoals_entry_beasts, grunt_megastairs_5, lemuel_fruit_tree,
          infiniplex_staircase_pool_2
Lair:4:   layout_cave_pods, minmay_slime_entry_oklob_enclosed,
          grunt_megastairs_1
Lair:5:   hangedman_lair_caniforms_friends, layout_regular_city,
          minmay_lair_oklob_bushes, uniq_urug
Shoals:1: layout_shoals, nicolae_shoals_spring_well_temple
Shoals:2: layout_shoals, nicolae_shoals_bring_sunscreen
Shoals:3: layout_shoals
Snake:1:  layout_chambers, basic_altar, drop_trap, minmay_shop_star
Snake:2:  layout_honeycomb, serial_bayou_lake_a
Snake:3:  layout_concentric_octagons
Snake:4:  hellmonk_snake_rune_quicksilver_temple, layout_basic, serial_shops,
          nicolae_shop_overgrown_old_shop, minmay_shoptagon,
          serial_bayou_shore_a
Orc:1:    layout_caves, serial_shops, shop
Orc:2:    grunt_orc_gardens, layout_caves, grunt_orc_garden, grunt_orc_garden,
          grunt_orc_garden, grunt_orc_garden, nicolae_shop_self_help
Vaults:1: ontoclasm_vaults_gateway, v_rooms_4, v_alt_pattern_1,
          nicolae_vaults_little_squares_4,
          nicolae_vaults_taking_the_gang_shopping, nicolae_vaults_prndl,
          nicolae_vaults_offset_grid_hallway_2, nicolae_vaults_tetromino_Z_1,
          serial_ice_h, v_misc_32, dpeg_vaults_hating_casters,
          vaults_room_stairs_pillars, nicolae_vaults_variable_pillar_hall_cross,
          v_misc_19, nicolae_vaults_border_crossing, layout_vaults_omnicross,
          serial_shops, bzr_entry_dummy
Vaults:2: mu_enter_wizlab_1, v_misc_5, nicolae_vaults_disjoint_gnomons,
          st_greater_box_2, nicolae_vaults_more_shelving_2,
          hangedman_vaults_cutoff, v_misc_12, vaults_room_large_hall, v_misc_2,
          nicolae_vaults_asterisk, nicolae_vaults_double_plus_1,
          layout_vaults_maze_snakey
Vaults:3: gammafunk_ghost_fury_of_okawaru, minmay_crypt_entry_necro_gods,
          v_alt_pattern_2, grunt_vaults_diagonal, dpeg_vaults_monster_box,
          nicolae_vaults_storage_closets_1, v_misc_1, grunt_vaults_hallway_long,
          vaults_standard_mumra_x, nicolae_vaults_enemy_cabinets,
          layout_vaults_omnigrid, uniq_saint_roka, uniq_mennas
Abyss:2:  base:
Temple

Skill      XL: |  1  2  3  4  5  6  7  8  9 10 11 12 13 14 15 16 17 18 19 20 |
---------------+-------------------------------------------------------------+-----
Axes           | 2 3 4 5 6 7 8 9 11 12 14 16 18 | 18.0
Fighting       | 4 5 7 8 10 11 12 13 15 17 18 | 18.0
Armour         | 4 7 8 9 10 11 12 14 16 17 | 17.0
Dodging        | 1 2 3 4 5 |  5.1
Shields        | 4 5 6 7 8 11 16 17 18 19 20 | 20.0
Invocations    | 4 5 9 10 | 10.0
Throwing       | 2 6 7 8 9 10 | 10.0

Action                     |  1- 3 |  4- 6 |  7- 9 | 10-12 | 13-15 | 16-18 | 19-21 || total
---------------------------+-------+-------+-------+-------+-------+-------+-------++-------
  Melee: War axe           |   114 |    71 |   207 |    75 |       |       |       ||   467
         Headbutt          |       |    12 |    36 |    90 |   310 |   382 |   330 ||  1160
         Kick              |       |     9 |    54 |   150 |    19 |       |       ||   232
         Hand axe          |       |       |       |   295 |       |       |       ||   295
         Broad axe         |       |       |       |    95 |  1182 |  1691 |  1153 ||  4121
         Morningstar       |       |       |       |     2 |    68 |       |       ||    70
 Invoke: Heroism           |       |       |     1 |    18 |    39 |    31 |    19 ||   108
         Finesse           |       |       |       |     2 |     5 |     3 |     6 ||    16
    Use: Scroll            |     3 |     9 |     9 |     4 |     8 |     2 |     5 ||    40
         Potion            |       |     3 |     2 |       |     4 |     1 |    12 ||    22
 Armour: Scale mail        |    63 |    13 |       |       |       |       |       ||    76
         Plate armour      |       |    29 |   145 |   209 |   801 |   484 |   414 ||  2082
  Dodge: Dodged            |    69 |    18 |    69 |    79 |   290 |   388 |   299 ||  1212
  Block: Buckler           |    23 |    13 |    40 |   171 |   468 |       |       ||   715
         Reflection        |       |       |       |     5 |    14 |   107 |    31 ||   157
         Kite shield       |       |       |       |       |   156 |   103 |       ||   259
         Tower shield      |       |       |       |       |       |  1540 |  1063 ||  2603

Table legend:
 A = Non-vault XP
 B = Vault XP
 C = Vault XP percentage of total XP
 D = Non-vault monster count
 E = Vault monster count
 F = Vault count percentage of total count
                 A         B        C        D         E       F
            +---------+---------+-------+---------+---------+-------
      Total |  318111 |  169498 |  34.8 |     849 |     290 |  25.5
            +---------+---------+-------+---------+---------+-------
        D:1 |      26 |       0 |   0.0 |      16 |       0 |   0.0
        D:2 |      38 |      35 |  47.9 |      13 |       1 |   7.1
        D:3 |      38 |       0 |   0.0 |      15 |       0 |   0.0
        D:4 |     450 |     211 |  31.9 |      19 |       2 |   9.5
        D:5 |     410 |       0 |   0.0 |      10 |       0 |   0.0
        D:6 |    1243 |     651 |  34.4 |      28 |       1 |   3.4
        D:7 |    1120 |      41 |   3.5 |      14 |       1 |   6.7
        D:8 |    1168 |       0 |   0.0 |      16 |       0 |   0.0
        D:9 |    3068 |    1783 |  36.8 |      34 |       8 |  19.0
       D:10 |    3176 |       0 |   0.0 |      19 |       0 |   0.0
       D:11 |    6656 |       0 |   0.0 |      22 |       0 |   0.0
       D:12 |    5419 |       0 |   0.0 |      15 |       0 |   0.0
       D:13 |    4427 |       0 |   0.0 |       9 |       0 |   0.0
       D:14 |    8299 |       0 |   0.0 |      20 |       0 |   0.0
       D:15 |    5880 |    2705 |  31.5 |      14 |       3 |  17.6
     Lair:1 |    4440 |       0 |   0.0 |      19 |       0 |   0.0
     Lair:2 |   11396 |     486 |   4.1 |      27 |       3 |  10.0
     Lair:3 |    5267 |    5598 |  51.5 |      17 |      23 |  57.5
     Lair:4 |    9571 |    1708 |  15.1 |      35 |       4 |  10.3
     Lair:5 |   17136 |   11574 |  40.3 |      41 |      57 |  58.2
   Shoals:1 |   10634 |    3847 |  26.6 |      19 |       6 |  24.0
   Shoals:2 |   15448 |    5458 |  26.1 |      30 |       7 |  18.9
   Shoals:3 |   17532 |       0 |   0.0 |      33 |       0 |   0.0
    Snake:1 |   11235 |       0 |   0.0 |      23 |       0 |   0.0
    Snake:2 |   16903 |       0 |   0.0 |      34 |       0 |   0.0
    Snake:3 |   35470 |       0 |   0.0 |      74 |       0 |   0.0
    Snake:4 |   18716 |   15584 |  45.4 |      37 |      20 |  35.1
      Orc:1 |    3731 |       0 |   0.0 |      32 |       0 |   0.0
      Orc:2 |    3043 |    9330 |  75.4 |      23 |      27 |  54.0
   Vaults:1 |   23828 |   24555 |  50.8 |      42 |      30 |  41.7
   Vaults:2 |   32119 |   57818 |  64.3 |      48 |      58 |  54.7
   Vaults:3 |   38648 |   28114 |  42.1 |      47 |      39 |  45.3
    Abyss:2 |    1576 |       0 |   0.0 |       4 |       0 |   0.0
            +---------+---------+-------+---------+---------+-------
